 Dungeon Crawl Stone Soup version 0.16-a0-4108-g6e49b0d (webtiles) character file.

268 Chiseanne the Skirmisher (level 6, -3/49 HPs)
             Began as a Mummy Monk on Feb 26, 2015.
             Slain by an iguana (10 damage)
             ... on level 4 of the Dungeon.
             The game lasted 00:08:39 (4501 turns).

Chiseanne the Skirmisher (Mummy Monk)               Turns: 4501, Time: 00:08:39

Health: -3/49      AC:  9    Str: 15    XL:     6   Next: 0%
Magic:  6/6        EV:  7    Int:  9    God:
Gold:   127        SH:  4    Dex: 15    Spells: 0 memorised, 5 levels left

rFire  . . .     SeeInvis .     d - +0 mace
rCold  + . .     Clarity  .     p - +0 chain mail
rNeg   + + +     SustAb   .     m - +0 buckler
rPois  ∞         Gourm    .     o - +0 helmet
rElec  .         Spirit   .     (no cloak)
rCorr  .         Warding  .     (no gloves)
rMut   .         Stasis   .     (no boots)
MR     .....                    (no amulet)
Stlth  ..........               l - ring of flight
                                g - ring of protection from fire

@: not resistant to hostile enchantments, extremely unstealthy
A: no food or potions, fire vulnerability, restore body, cold resistance 1,
negative energy resistance 3, poison resistance, torment resistance, unbreathing
a: Evoke Flight


You were on level 4 of the Dungeon.
You were not hungry.

You visited 1 branch of the dungeon, and saw 4 of its levels.

You collected 127 gold pieces.

Inventory:

Hand weapons
 d - a +0 mace (weapon)
Missiles
 b - 68 stones (quivered)
 f - 13 tomahawks
 i - 58 arrows
 k - 31 poisoned needles
 n - 4 javelins
Armour
 a - a +0 plate armour
 m - a +0 buckler (worn)
 o - a +0 helmet (worn)
 p - a +0 chain mail (worn)
Jewellery
 g - a ring of protection from fire (left hand)
 l - a ring of flight (right hand)
Scrolls
 c - 2 scrolls of teleportation
 e - 5 scrolls of identify
 h - a scroll of enchant armour
 j - a scroll of fog {unknown}
 q - a scroll of recharging {unknown}


   Skills:
 * Level 4.6 Fighting
 * Level 1.4 Armour
 * Level 4.3 Dodging
 - Level 1.5 Stealth
 * Level 0.4 Shields
 - Level 3.2 Unarmed Combat


You had 5 spell levels left.
You didn't know any spells.

Dungeon Overview and Level Annotations

Branches:
Dungeon (4/15)
 Temple: D:4-7

Altars:
Dithmenos
Elyvilon
Fedhas
Qazlal
Xom
The Shining One


Innate Abilities, Weirdness & Mutations

You do not eat or drink.
Your flesh is vulnerable to fire.
Your flesh is cold resistant.
You are immune to negative energy.
Your system is resistant to poisons.
You are immune to unholy pain and torment.
You can survive without breathing.


Message History

You kill the orc!
The iguana bites you. The iguana barely misses you. The iguana bites you!
Things that are here:
a flail; a ring mail; an orc corpse Your chain mail prevents you from hitting the iguana.
The iguana bites you.
You hit the iguana but do no damage. The iguana bites you.
You completely miss the iguana. The iguana bites you. The iguana bites you!
You completely miss the iguana. The iguana bites you!
* * * LOW HITPOINT WARNING * * *
You closely miss the iguana. The iguana bites you.
* * * LOW HITPOINT WARNING * * *
The iguana completely misses you.
Your shield prevents you from hitting the iguana.
The iguana closely misses you.
You hit the iguana.
The iguana is lightly wounded.
The iguana bites you!
You die...

#...#............###
##.........###...##
#..........# ##..)##
#.........## ##...##
##.........#
###..###
#.........## ##...#
#.........# ##...
##........## ###.
#.<....l@.# ##
#........## #
.......(# ##
......... ##.
......... #<.
........# ###
...!..## ....## #


You could see an iguana.

Vanquished Creatures
  A centaur (D:3)
  An orc wizard (D:3)
  Ijyb (D:2)
  Robin (D:2)
  5 adders
  A worm (D:2)
  A giant gecko (D:2)
  11 orcs
  2 giant cockroaches
  16 goblins
  4 hobgoblins
  3 jackals (D:3)
  A ball python (D:2)
  10 bats
  5 giant newts
  A jackal skeleton (D:4)
  11 kobolds
  2 quokkas (D:2)
  5 rats
82 creatures vanquished.

Notes
Turn   | Place    | Note
--------------------------------------------------------------
     0 | D:1      | Chiseanne, the Mummy Monk, began the quest for the Orb.
     0 | D:1      | Reached XP level 1. HP: 18/18 MP: 1/1
   545 | D:1      | Reached XP level 2. HP: 18/24 MP: 2/2
  1224 | D:2      | Reached XP level 3. HP: 10/29 MP: 3/3
  1757 | D:2      | Noticed Robin
  2074 | D:2      | Noticed Ijyb
  2093 | D:2      | Killed Ijyb
  2093 | D:2      | Reached XP level 4. HP: 24/37 MP: 4/4
  2282 | D:2      | Killed Robin
  2496 | D:2      | Reached skill level 4 in Fighting
  3322 | D:3      | Reached skill level 1 in Armour
  3322 | D:3      | Reached XP level 5. HP: 19/42 MP: 5/5
  3911 | D:3      | Found a white marble altar of Elyvilon.
  3911 | D:3      | Found a stormy altar of Qazlal.
  3912 | D:3      | Noticed a centaur
  3912 | D:3      | Found a shimmering altar of Xom.
  3912 | D:3      | Found a shadowy altar of Dithmenos.
  3913 | D:3      | Found a blossoming altar of Fedhas.
  3914 | D:3      | Found a glowing golden altar of the Shining One.
  3988 | D:3      | Killed a centaur
  4448 | D:4      | Reached XP level 6. HP: 45/49 MP: 6/6
  4501 | D:4      | Slain by an iguana

Action                   |  1- 3 |  4- 6 || total
-------------------------+-------+-------++-------
Melee: Mace              |   142 |   255 ||   397
       Unarmed           |     3 |       ||     3
  Use: Scroll            |     4 |     4 ||     8
